 Dungeon Crawl Stone Soup version 0.27-a0-906-g0a00ce863d (webtiles) character file.

Game seed: 254853438964619936

37 Bapho the Chiller (level 3, 0/26 HPs)
             Began as a Draconian Ice Elementalist on Apr 7, 2021.
             Slain by a bullfrog skeleton (1 damage)
             ... on level 2 of the Dungeon.
             The game lasted 00:02:08 (1157 turns).

Bapho the Chiller (Draconian Ice Elementalist)      Turns: 1157, Time: 00:02:09

Health: 0/26       AC:  5    Str: 10    XL:     3   Next: 21%
Magic:  2/6        EV: 12    Int: 16    God:
Gold:   64         SH:  0    Dex: 11    Spells: 5/6 levels left

rFire    . . .     SeeInvis .   e - +0 dagger
rCold    . . .     Faith    .   (no shield)
rNeg     . . .     Spirit   .   (armour unavailable)
rPois    .         Reflect  .   (helmet restricted)
rElec    .         Harm     .   (no cloak)
rCorr    .         Rampage  .   (no gloves)
Will     .....                  (no boots)
Stlth    ++........             (no amulet)
HPRegen  0.08/turn              (no ring)
MPRegen  0.10/turn              (no ring)

@: no status effects
A: AC +5, unfitting armour, cold-blooded
a: no special abilities


You were on level 2 of the Dungeon.
You visited 1 branch of the dungeon, and saw 2 of its levels.

You collected 64 gold pieces.

Inventory:

Hand Weapons
 e - a +0 dagger (weapon)
Missiles
 a - 3 javelins
 b - a throwing net
 d - 14 stones (quivered)
Scrolls
 c - a scroll of enchant armour {unknown}


   Skills:
 - Level 1.7 Dodging
 - Level 1.7 Stealth
 + Level 0.6 Unarmed Combat
 - Level 2.0 Spellcasting
 + Level 5.0 Ice Magic


You had 5 spell levels left.
You knew the following spells:

 Your Spells              Type           Power      Damage    Failure   Level
a - Freeze                Ice            68%        1d8       2%          1

Your spell library contained the following spells:

 Spells                   Type           Power      Damage    Failure   Level
 Frozen Ramparts          Ice            34%        1d5       8%          3
 Ozocubu's Armour         Ice            17%        N/A       8%          3
 Hailstorm                Conj/Ice       9%         3d4       58%         4
 Summon Ice Beast         Ice/Summ       9%         N/A       58%         4


Dungeon Overview and Level Annotations

Branches:
Dungeon (2/15)

Altars:


Innate Abilities, Weirdness & Mutations

Your plain brown scales are hard. (AC +5)
You cannot fit into any form of body armour.
You are cold-blooded and may be slowed by cold attacks.


Message History

The bullfrog skeleton completely misses you.
Casting: Freeze (safe; 2% risk of failure)
Confirm with . or Enter, or press ? or * to list all spells.
Aiming: Freeze (safe; 2% risk of failure)
Press: ? - help, Shift-Dir - straight line, f/p - bullfrog skeleton
Aim: a bullfrog skeleton (severely damaged)
You freeze the bullfrog skeleton but do no damage.
The bullfrog skeleton completely resists.
The bullfrog skeleton hits you. x2
You barely miss the bullfrog skeleton.
The bullfrog skeleton is severely damaged.
The bullfrog skeleton closely misses you.
You hit the bullfrog skeleton.
The bullfrog skeleton is almost destroyed.
The bullfrog skeleton misses you.
You barely miss the bullfrog skeleton.
The bullfrog skeleton is almost destroyed.
The bullfrog skeleton hits you but does no damage.
The bullfrog skeleton barely misses you.
You hit the bullfrog skeleton.
The bullfrog skeleton is almost destroyed.
The bullfrog skeleton misses you.
You barely miss the bullfrog skeleton.
The bullfrog skeleton is almost destroyed.
The bullfrog skeleton hits you!
* * * LOW HITPOINT WARNING * * *
You hit the bullfrog skeleton but do no damage.
The bullfrog skeleton is almost destroyed.
The bullfrog skeleton hits you.
* * * LOW HITPOINT WARNING * * *
Casting: Freeze (safe; 2% risk of failure)
Confirm with . or Enter, or press ? or * to list all spells.
Aiming: Freeze (safe; 2% risk of failure)
Press: ? - help, Shift-Dir - straight line, f/p - bullfrog skeleton
Aim: a bullfrog skeleton (almost destroyed)
You freeze the bullfrog skeleton.
The bullfrog skeleton resists.
The bullfrog skeleton is almost destroyed.
The bullfrog skeleton closely misses you.
The bullfrog skeleton hits you.
You die...

#............#.(...
#..........#####(#
#..........# .#
#....†.....# (
######.###.# ##.#
#.# #..# . #Z## .
##. ##@# .#.. #†.#
#####....
####.####........
#.......#........
#.......#........
#.......#.....<..
#................
#.......#<.......
#.......#########


You could see a bullfrog skeleton.

Vanquished Creatures
  An adder (D:2)
  3 dart slugs (D:1)
  2 ball pythons
  2 goblins (D:1)
  A hobgoblin (D:1)
  4 jackals (D:1)
  A kobold (D:1)
  A quokka (D:2)
  3 bats
  A rat (D:1)
19 creatures vanquished.

Notes
Turn   | Place    | Note
-------+----------+-------------------------------------------
     0 | D:1      | Bapho the Draconian Ice Elementalist began the quest for
                  | the Orb.
     0 | D:1      | Reached XP level 1. HP: 14/14 MP: 3/3
   231 | D:1      | Reached XP level 2. HP: 14/20 MP: 0/5
   521 | D:1      | Found a faded altar of an unknown god.
  1074 | D:2      | Reached skill level 5 in Ice Magic
  1074 | D:2      | Reached XP level 3. HP: 23/26 MP: 2/6
  1156 | D:2      | HP: 1/26 [bullfrog skeleton (2)]
  1157 | D:2      | Slain by a bullfrog skeleton

Illustrated notes

Levels and vault maps discovered:
D:1:      kennysheep_arrival_forest, layout_rooms, shapermc_ecumenical_altar_gd
D:2:      layout_rooms, nrook_mini_vaults, minmay_tetromino_t2

Skill      XL: |  1  2 |
---------------+-------+-----
Ice Magic      | 5 |  5.0
Dodging        | |  1.7
Stealth        | |  1.7
Unarmed Combat | |  0.6
Spellcasting   | |  2.0

Action                   || total
-------------------------++-------
Melee: Unarmed           ||    32
       Tailslap          ||     5
       Dagger            ||     9
Throw: Stone             ||    15
 Cast: Freeze            ||    33
Armor: Skin              ||    24
Dodge: Dodged            ||    44

Table legend: (Time is in decaauts)
 A = Elapsed time spent in this place.
 B = Non-inter-level travel time spent in this place.
 C = Inter-level travel time spent in this place.
 D = Time resting spent in this place.
 E = Time spent auto-exploring this place.
 F = Levels seen in this place.
 G = Mean time per level.
                   A        B        C        D        E       F      G
               +--------+--------+--------+--------+--------+-----+--------+
         Total |   1157 |   1134 |     23 |      0 |    957 |   2 |  578.5 |
       Dungeon |   1157 |   1134 |     23 |      0 |    957 |   2 |  578.5 |
               +--------+--------+--------+--------+--------+-----+--------+

Top non-repeatable levels by time:
     D:1: 935 daAuts
     D:2: 222 daAuts
